 Dungeon Crawl Stone Soup version 0.17.1-1-g73c8601 (webtiles) character file.

44 Thickfr3akness the Ducker (level 3, -1/27 HPs)
             Began as a Minotaur Gladiator on Feb 29, 2016.
             Slain by a gnoll
             ... wielding a +0 spear
              (4 damage)
             ... on level 2 of the Dungeon.
             The game lasted 00:07:31 (1247 turns).

Thickfr3akness the Ducker (Minotaur Gladiator)      Turns: 1247, Time: 00:07:31

Health: -1/27      AC:  6    Str: 20    XL:     3   Next: 41%
Magic:  2/2        EV: 11    Int:  5    God:
Gold:   16         SH:  0    Dex: 10    Spells: 0 memorised, 2 levels left

rFire  . . .     SeeInvis .     a - +0 trident
rCold  . . .     Clarity  .     k - +0 scale mail
rNeg   + . .     SustAt   .     (no shield)
rPois  .         Gourm    .     (helmet restricted)
rElec  .         Spirit   .     (no cloak)
rCorr  .         Warding  .     (no gloves)
rMut   .         Stasis   .     (no boots)
MR     .....                    (no amulet)
Stlth  ..........               (no ring)
                                i - ring of positive energy

@: not resistant to hostile enchantments, extremely unstealthy
A: retaliatory headbutt, horns 2, blink, blurry vision 1, frail 1
a: Blink


You were on level 2 of the Dungeon.
You were hungry.

You visited 1 branch of the dungeon, and saw 2 of its levels.

You collected 16 gold pieces.

Inventory:

Hand Weapons
 a - a +0 trident (weapon)
Missiles
 d - 3 throwing nets (quivered)
Armour
 b - a +0 leather armour
 c - a +0 hat
 g - a +1 robe of magic resistance
 k - a +0 scale mail (worn)
 l - a +0 chain mail
Jewellery
 i - a ring of positive energy (left hand)
Scrolls
 f - 3 scrolls of remove curse
 n - a scroll of enchant weapon {unknown}
Potions
 j - a potion of cancellation {unknown}
 m - a potion of flight {unknown}
Comestibles
 e - 2 bread rations


   Skills:
 + Level 2.5 Fighting
 + Level 4.1 Polearms
 + Level 2.0 Throwing
 + Level 1.0 Armour
 + Level 4.3 Dodging
 + Level 0.1 Stealth


You had 2 spell levels left.
You didn't know any spells.

Dungeon Overview and Level Annotations

Branches:
Dungeon (2/15)

Altars:


Innate Abilities, Weirdness & Mutations

You reflexively headbutt those who attack you in melee.
You have a pair of horns on your head.
You can translocate small distances at will.
Scrolls take you a little longer to read.
You are frail (-10% HP).


Message History

The gnoll hits you but does no damage. The gnoll closely misses you.
You hit the gnoll but do no damage.
The gnoll is heavily wounded.
The gnoll hits you with a club.
The gnoll hits you from afar with a halberd!
You hit the gnoll but do no damage. Your headbutt misses the gnoll.
The gnoll is heavily wounded.
The gnoll barely misses you.
The gnoll hits you from afar with a halberd.
You puncture the gnoll!
You kill the gnoll!
Your Armour skill increases to level 1!
The gnoll hits you from afar with a spear.
The gnoll hits you from afar with a halberd!
* * * LOW HITPOINT WARNING * * *
You are too injured to fight recklessly!
It was a potion of mutation.
You feel extremely strange.
You feel jittery.
Your vision blurs.
You feel frail.
The gnoll hits you from afar with a spear.
You die...

..................
#.####..†..........)
#.#####.#..#######.. ..#
#.##...†........ #.. ..#
........>...##[. ..# ..
...#(##.#...##.. #.# .. .
.#..(.#.#...##.. #.# .# ..#
...#(.#.#...##..##.# .##...#
#.......#.......@)g####.......
#.##..####..##..##g......!....
#.##..# #..##..##.####.......
..##..# #..##..##.# .##...#
#.##..# #..##..##.# .# ..#
#.##..####..##..##.# g# #
........(..........# .#
#####.############## g#
......# .#


You could see 2 gnolls.

Vanquished Creatures
  An adder (D:2)
  A gnoll (D:2)
  A giant gecko (D:1)
  2 goblins (D:1)
  4 hobgoblins (D:1)
  5 jackals (D:1)
  2 kobolds
  A bat (D:1)
  4 giant newts
  2 rats (D:1)
23 creatures vanquished.

Notes
Turn   | Place    | Note
--------------------------------------------------------------
     0 | D:1      | Thickfr3akness the Minotaur Gladiator began the quest for the Orb.
     0 | D:1      | Reached XP level 1. HP: 18/18 MP: 0/0
    65 | D:1      | Reached XP level 2. HP: 18/25 MP: 1/1
   197 | D:1      | Reached skill level 4 in Dodging
  1101 | D:2      | Reached XP level 3. HP: 26/30 MP: 2/2
  1246 | D:2      | Reached skill level 1 in Armour
  1247 | D:2      | Gained mutation: You can translocate small distances at will. [potion of mutation]
  1247 | D:2      | Gained mutation: Scrolls take you a little longer to read. [potion of mutation]
  1247 | D:2      | Gained mutation: You are frail (-10% HP). [potion of mutation]
  1247 | D:2      | Slain by a gnoll

Action                   || total
-------------------------++-------
Melee: Trident           ||    57
  Use: Scroll            ||     2
       Potion            ||     2
